 Dungeon Crawl Stone Soup version 0.29.1-13-g9f3cf754e1 (webtiles) character file.

Game seed: 6448422855858851554

728 Peloso the Covered (level 7, -4/60 HPs)
             Began as a Minotaur Fighter on Jan 21, 2023.
             Slain by Pikel
             ... wielding a +1 whip of electrocution
              (17 damage)
             ... on level 4 of the Dungeon.
             The game lasted 00:11:19 (4234 turns).

Peloso the Covered (Minotaur Fighter)               Turns: 4234, Time: 00:11:20

Health: -4/60      AC: 10    Str: 26    XL:     7   Next: 44%
Magic:  6/6        EV:  9    Int:  5    God:
Gold:   210        SH: 11    Dex: 18    Spells: 6/6 levels left

rFire   . . .      SeeInvis .   a - +2 falchion (vamp)
rCold   . . .      Faith    .   d - +0 buckler
rNeg    . . .      Spirit   .   c - +0 chain mail
rPois   .          Reflect  +   (helmet restricted)
rElec   .          Harm     .   (no cloak)
rCorr   .          Rampage  .   (no gloves)
Will    .....                   (no boots)
Stlth   ..........              q - amulet of reflection
HPRegen 0.20/turn               h - +6 ring of strength
MPRegen 0.10/turn               g - +6 ring of dexterity

@: no status effects
A: horns 2, retaliatory headbutt
a: no special abilities


You were on level 4 of the Dungeon.
You visited 1 branch of the dungeon, and saw 6 of its levels.

You collected 210 gold pieces.

Inventory:

Hand Weapons
 a - a +2 vampiric falchion (weapon)
Missiles
 o - a throwing net (quivered)
Armour
 b - a +0 scale mail
 c - a +0 chain mail (worn)
 d - a +0 buckler (worn)
Jewellery
 g - a +6 ring of dexterity (right hand)
 h - a +6 ring of strength (left hand)
 q - an amulet of reflection (around neck)
 u - a ring of poison resistance
Wands
 p - a wand of flame (28)
 v - a wand of roots (6)
Scrolls
 e - a scroll of summoning {unknown}
 i - 2 scrolls of noise {unknown}
 j - 5 scrolls of identify {unknown}
 m - 3 scrolls of teleportation {unknown}
 r - a scroll of enchant armour {unknown}
 s - a scroll of poison {unknown}
 x - a scroll of blinking {unknown}
 y - a scroll of immolation {unknown}
Potions
 f - a potion of attraction {unknown}
 k - 4 potions of heal wounds {unknown}
 l - 2 potions of might
 n - 2 potions of degeneration {unknown}
 t - 2 potions of invisibility {unknown}
 w - a potion of curing {unknown}
 z - a potion of lignification {unknown}


   Skills:
 + Level 4.4 Fighting
 + Level 6.0 Long Blades
 + Level 6.5 Armour
 + Level 2.9 Dodging
 + Level 0.1 Stealth
 + Level 5.4 Shields
 + Level 0.1 Evocations


You had 6 spell levels left.
You didn't know any spells.
Your spell library contained the following spells:

 Spells                   Type           Power      Damage    Failure   Level
 Sublimation of Blood     Necr           0%         N/A       99%         2
 Wereblood                Tmut           0%         N/A       99%         2
 Dazzling Flash           Conj/Hex       0%         N/A       100%        3
 Agony                    Necr           0%         N/A       100%        5
 Silence                  Hex/Air        0%         N/A       100%        5
 Summon Hydra             Summ           0%         N/A       100%        7


Dungeon Overview and Level Annotations

Branches:
Dungeon (6/15)
 Temple: D:4-7

Altars:
Uskayaw

Annotations:
D:2 1 runed translucent door, Crazy Yiuf
D:4 Pikel


Innate Abilities, Weirdness & Mutations

You have a pair of horns on your head.
You reflexively headbutt those who attack you in melee.


Message History

You block Pikel's attack.
You hit Pikel but do no damage.
Pikel is lightly wounded.
Pikel barely misses you. You furiously retaliate!
You headbutt Pikel, but do no damage. You closely miss Pikel.
Pikel is lightly wounded.
Pikel completely misses you.
You hit Pikel.
You feel better.
Pikel is moderately wounded.
You block Pikel's attack.
You hit Pikel. Your headbutt misses Pikel.
Pikel is heavily wounded.
Pikel hits you with a +1 whip of electrocution!
You hit Pikel but do no damage.
Pikel is heavily wounded.
Pikel hits you but does no damage.
You miss Pikel. Your headbutt misses Pikel.
Pikel is heavily wounded.
You block Pikel's attack.
You hit Pikel but do no damage.
Pikel is heavily wounded.
Pikel hits you but does no damage.
You are electrocuted!
You hit Pikel but do no damage.
Pikel is heavily wounded.
Pikel misses you.
You hit Pikel. Your headbutt misses Pikel.
Pikel is heavily wounded.
You block Pikel's attack.
You barely miss Pikel.
Pikel is heavily wounded.
Pikel hits you with a +1 whip of electrocution.
You are electrocuted!!
* * * LOW HITPOINT WARNING * * *
You hit Pikel.
You feel better.
You headbutt Pikel!
Pikel is almost dead.
Pikel hits you with a +1 whip of electrocution.
* * * LOW HITPOINT WARNING * * *
You are electrocuted!
You die...

#.##.#..#.####
#.....>......#
#####.......#.##.#
######
#...........#.##.#
#.....
##.###......#.##.#
#..... #.# #........##.#
#..... #.#
###......##.###.....
#.##########......(..)..
#......@K55..##.###.....
###########.......#.....
#.............
#.............
#.......##....
#.......##....
#.......##.###
#.......##..#
#.......###5##


You could see Pikel and 2 lemures.

Vanquished Creatures
  Sigmund (D:2)
  Eustachio (D:4)
  A phantom (D:4)
  2 lemures (D:4)
  A jelly (D:4)
  A hound (D:5)
  An iguana (D:5)
  Natasha (twice) (D:4)
  An orc wizard (D:4)
  Robin (D:2)
  4 gnolls
  4 adders
  An ufetubus (D:4)
  2 worms (D:2)
  A dart slug (D:1)
  2 orcs (D:4)
  5 endoplasms
  3 giant cockroaches
  16 goblins
  8 hobgoblins
  8 jackals (D:1)
  8 ball pythons
  4 bats
  A frilled lizard (D:2)
  5 kobolds
  8 rats
92 creatures vanquished.

Vanquished Creatures (others)
  A fungus (D:2)
1 creature vanquished.

Grand Total: 93 creatures vanquished

Notes
Turn   | Place    | Note
-------+----------+-------------------------------------------
     0 | D:1      | Peloso the Minotaur Fighter began the quest for the Orb.
     0 | D:1      | Reached XP level 1. HP: 19/19 MP: 0/0
   178 | D:1      | Reached XP level 2. HP: 27/27 MP: 1/1
   574 | D:1      | Reached XP level 3. HP: 27/33 MP: 2/2
   915 | D:1      | Found a faded altar of an unknown god.
  1213 | D:1      | Reached XP level 4. HP: 6/40 MP: 3/3
  1566 | D:2      | Noticed Sigmund
  1794 | D:2      | Killed Sigmund
  1795 | D:2      | Reached skill level 5 in Armour
  1795 | D:2      | Reached XP level 5. HP: 41/46 MP: 4/4
  1843 | D:2      | Reached XP level 6. HP: 52/52 MP: 5/5
  1861 | D:2      | Found a runed translucent door.
  1862 | D:2      | Noticed Crazy Yiuf
  1935 | D:2      | Noticed Robin
  1946 | D:2      | Killed Robin
  2762 | D:4      | You fall into a shaft and drop 2 floors!
  2786 | D:5      | Entered Level 5 of the Dungeon
  2972 | D:5      | Identified the +1 leather armour of Cocytus {rPois rN+
                  | Slay-2}
  2995 | D:5      | Reached skill level 5 in Long Blades
  3165 | D:5      | Found a hide-covered altar of Uskayaw.
  3277 | D:4      | Noticed Eustachio
  3799 | D:4      | Killed Eustachio
  3800 | D:4      | Reached skill level 5 in Shields
  3800 | D:4      | Reached XP level 7. HP: 60/60 MP: 6/6
  3818 | D:4      | Noticed Natasha
  3832 | D:4      | Killed Natasha
  3990 | D:4      | Noticed Natasha
  3998 | D:4      | Killed Natasha
  4208 | D:4      | Noticed Pikel
  4234 | D:4      | Slain by Pikel

Illustrated notes

Levels and vault maps discovered:
D:1:      heliophobic_arrival_henge, layout_loops_cross,
          shapermc_ecumenical_altar_hornbeckon
D:2:      layout_rooms, uniq_crazy_yiuf_cottage, uniq_robin, uniq_sigmund
D:3:      layout_rooms, kennysheep_nub, serial_park_tiny_2
D:4:      layout_basic, uniq_pikel, uniq_eustachio, uniq_natasha
D:5:      layout_loops_ring, nicolae_uskayaw_murder_on_the_dancefloor,
          minmay_temple_entry_statues_fountains, nicolae_underground_beach
D:6:      layout_rooms, kennysheep_mini, gammafunk_ghost_nasty_kobolds,
          uniq_prince_ribbit1

Skill      XL: |  1  2  3  4  5  6  7 |
---------------+----------------------+-----
Shields        | 4 5 |  5.4
Armour         | 4 5 6 |  6.5
Fighting       | 4 |  4.4
Long Blades    | 3 4 5 6 |  6.0
Dodging        | 2 |  2.9
Stealth        | |  0.1
Evocations     | |  0.1

Action                   |  1- 3 |  4- 6 |  7- 9 || total
-------------------------+-------+-------+-------++-------
Melee: Long sword        |    73 |   127 |       ||   200
       Headbutt          |    13 |    17 |    14 ||    44
       Falchion          |       |       |    61 ||    61
Evoke: Wand              |       |     4 |       ||     4
Armor: Scale mail        |    29 |       |       ||    29
       Chain mail        |     9 |    66 |    16 ||    91
Dodge: Dodged            |    43 |    81 |    18 ||   142
Block: Buckler           |    27 |   106 |    22 ||   155
       Reflection        |       |     1 |       ||     1
